 Dungeon Crawl Stone Soup version 0.31.0-9-g3a7656b989 (webtiles) character file.

Game seed: 1795215389143529991

85 GordonOverkill the Cudgeller (level 4, 0/48 HPs)
             Began as an Oni Berserker on Jan 31, 2024.
             Was a Believer of Trog.
             Slain by Grinder (8 damage)
             ... on level 3 of the Dungeon.
             The game lasted 00:02:40 (2378 turns).

GordonOverkill the Cudgeller (Oni Berserker)        Turns: 2378, Time: 00:02:41

Health: 0/48       AC:  2    Str: 23    XL:     4   Next: 48%
Magic:  4/4        EV: 10    Int:  8    God:    Trog [**....]
Gold:   64         SH:  0    Dex:  8    Spells: 3/3 levels left

rFire   . . .        a - +0 mace
rCold   . . .        (no shield)
rNeg    . . .        b - +0 animal skin
rPois   +            (helmet restricted)
rElec   .            (no cloak)
rCorr   .            (gloves unavailable)
SInv    .            (boots unavailable)
Will    .....        (no amulet)
Stlth   +            (no ring)
HPRegen 0.28/turn    (no ring)
MPRegen 0.09/turn

%: no passive effects
@: on berserk cooldown, slowed, invisible, very slow
A: large, unfitting armour, horns 1, tough skin 1, double potion healing,
drunken brawling, deformed body, poison resistance
a: Renounce Religion, Berserk, Trog's Hand


You were on level 3 of the Dungeon.
You worshipped Trog.
Trog was pleased with you.
You visited 1 branch of the dungeon, and saw 3 of its levels.

You collected 64 gold pieces.

Inventory:

Hand Weapons
 a - a +0 mace (weapon)
Missiles
 l - 4 boomerangs (quivered)
Armour
 b - a +0 animal skin (worn)
Scrolls
 d - a scroll of enchant weapon {unknown}
 f - a scroll of fog {unknown}
 i - a scroll of brand weapon {unknown}
Potions
 e - a potion of attraction
 h - a potion of curing {unknown}
 k - a potion of resistance {unknown}


   Skills:
 - Level 4.0 Fighting
 + Level 5.1 Maces & Flails
 - Level 2.6 Dodging


You had 3 spell levels left.
You didn't know any spells.
Your spell library was empty.

Dungeon Overview and Level Annotations

Branches:
Dungeon (3/15)

Altars:

Annotations:
D:3 Grinder


Innate Abilities, Weirdness & Mutations

You are too large for most types of armour.
You have a pair of small horns on your head.
You have tough skin. (AC +1)
You gain doubled healing and magic from potions.
Whenever you drink a healing potion, you attack all around you.
Armour fits poorly on your strangely shaped body.
Your system is resistant to poisons. (rPois)


Message History

You feel less confused.
It was a potion of mutation.
You feel extremely strange.
Your body twists and deforms.
You feel resistant to poisons.
Your skin stops crawling.
You feel less strong-willed. Grinder closely misses you.
You barely miss Grinder. Your headbutt misses Grinder.
Grinder is severely wounded.
Grinder closely misses you.
You thump Grinder!
Grinder is almost dead.
Grinder gestures at you.
You suddenly lose the ability to move!
Grinder hits you! Grinder hits you.
You writhe in agony.
* * * LOW HITPOINT WARNING * * *
You can move again.
Unknown command.
Unknown command.
You hit Grinder but do no damage.
Grinder is almost dead.
Grinder gestures at you. You resist with significant effort.
You closely miss Grinder.
Grinder is almost dead.
Grinder hits you!
* * * LOW HITPOINT WARNING * * *
You writhe in agony.
* * * LOW HITPOINT WARNING * * *
Grinder blinks!
Grinder gestures at something.
Found 14 gold pieces.
Grinder says, "You look like you could use a good racking."
Grinder hits you!
* * * LOW HITPOINT WARNING * * *
You writhe in agony.
* * * LOW HITPOINT WARNING * * *
You barely miss Grinder.
Grinder is almost dead.
Grinder hits you!
You die...
Grinder says, "Hey, I wasn't done torturing you yet!"

#......####.#
#........#).#
#####.##.#.#
#.##.#.#
#..#.#.#
##.#.#.#
.#...#
#..#..#######
##.#.@.?..$..
#.#..5.#####
#......#
#####.).#
.#.# ## ....
#. ..... #.
.....##.####
.....$....##


You could see Grinder (unable to see you).

Vanquished Creatures
  2 adders (D:3)
  6 bats
  4 endoplasms
  4 giant cockroaches
  5 goblins
  8 hobgoblins
  8 jackals
  4 quokkas
  4 ball pythons
  2 frilled lizards
  5 kobolds
  6 rats
58 creatures vanquished.

Notes
Turn   | Place    | Note
-------+----------+-------------------------------------------
     0 | D:1      | GordonOverkill the Oni Berserker began the quest for the
                  | Orb.
     0 | D:1      | Reached XP level 1. HP: 24/24 MP: 1/1
   193 | D:1      | Reached XP level 2. HP: 32/32 MP: 2/2
   432 | D:1      | Reached skill level 4 in Maces & Flails
   558 | D:1      | Reached XP level 3. HP: 39/39 MP: 3/3
  1132 | D:2      | Found a faded altar of an unknown god.
  1197 | D:2      | You fall into a shaft and drop 1 floor!
  1339 | D:2      | Reached ** piety under Trog
  1720 | D:2      | Reached XP level 4. HP: 48/48 MP: 4/4
  2204 | D:3      | Reached skill level 5 in Maces & Flails
  2344 | D:3      | Noticed Grinder
  2364 | D:3      | HP: 2/48 [Grinder (7)]
  2369 | D:3      | Gained mutation: Armour fits poorly on your strangely
                  | shaped body. [potion of mutation]
  2369 | D:3      | Gained mutation: Your system is resistant to poisons.
                  | (rPois) [potion of mutation]
  2371 | D:3      | Paralysed by Grinder for 2 turns
  2378 | D:3      | Slain by Grinder

Illustrated notes

Levels and vault maps discovered:
D:1:      evilmike_arrival_home_sweet_home, layout_basic, minmay_tall_x
D:2:      layout_basic, basic_ecumenical_altar
D:3:      layout_rooms, minmay_liquid_box, amcnicky_mini_rare_corridor_liquid,
          uniq_grinder

Skill      XL: |  1  2  3  4 |
---------------+-------------+-----
Maces & Flails | 4 5 |  5.1
Fighting       | |  4.0
Dodging        | |  2.6

Action                     |  1- 3 |  4- 6 || total
---------------------------+-------+-------++-------
  Melee: Mace              |   118 |    23 ||   141
         Headbutt          |    13 |     5 ||    18
         Punch             |     1 |       ||     1
  Throw: Boomerang         |       |     1 ||     1
 Invoke: Berserk           |     3 |     3 ||     6
         Trog's Hand       |       |     1 ||     1
    Use: Potion            |       |     3 ||     3
         Scroll            |       |     2 ||     2
   Stab: Sleeping          |     1 |       ||     1
 Armour: Animal skin       |    80 |    18 ||    98
  Dodge: Dodged            |    90 |    10 ||   100
